 Dungeon Crawl Stone Soup version 0.28.0-49-g6dfe1f597d (webtiles) character file.

Game seed: 8648688995524243090

170 hquester the Chucker (level 5, -4/49 HPs)
             Began as a Troll Hunter on May 11, 2022.
             Killed by nerve-wracking pain
             ... invoked by an orc priest
              (14 damage)
             ... on level 3 of the Dungeon.
             The game lasted 00:18:51 (1835 turns).

hquester the Chucker (Troll Hunter)                 Turns: 1835, Time: 00:18:52

Health: -4/49      AC:  8    Str: 20    XL:     5   Next: 26%
Magic:  4/4        EV: 10    Int:  7    God:
Gold:   59         SH:  0    Dex: 12    Spells: 4/4 levels left

rFire   . . .      SeeInvis .   k - +2 whip (elec)
rCold   . . .      Faith    .   (no shield)
rNeg    . . .      Spirit   .   b - +0 robe
rPois   .          Reflect  .   (helmet restricted)
rElec   .          Harm     .   (no cloak)
rCorr   +          Rampage  .   (gloves unavailable)
Will    .....                   (boots unavailable)
Stlth   +.........              (no amulet)
HPRegen 0.96/turn               i - +4 ring of protection
MPRegen 0.09/turn               f - ring of resist corrosion

@: very slow
A: large, unfitting armour, claws 3, regeneration 1, shaggy fur 1, tough skin 1
a: no special abilities


You were on level 3 of the Dungeon.
You visited 1 branch of the dungeon, and saw 3 of its levels.

You collected 59 gold pieces.

Inventory:

Hand Weapons
 a - a +0 short sword
 k - a +2 whip of electrocution (weapon)
Missiles
 c - 9 large rocks
 d - 2 throwing nets
 e - 123 stones (quivered)
 j - 6 poisoned darts
Armour
 b - a +0 robe (worn)
Jewellery
 f - a ring of resist corrosion (right claw)
 i - a +4 ring of protection (left claw)
 m - a ring of protection from cold
Wands
 o - a wand of flame (9)
Scrolls
 g - 2 scrolls of identify
 l - a scroll of teleportation
Potions
 h - 2 potions of heal wounds
 n - a potion of berserk rage {unknown}


   Skills:
 + Level 2.1 Fighting
 + Level 1.9 Short Blades
 + Level 4.2 Throwing
 + Level 3.0 Dodging
 + Level 0.5 Stealth


You had 4 spell levels left.
You didn't know any spells.
Your spell library contained the following spells:

 Spells                   Type           Power      Damage    Failure   Level
 Conjure Flame            Conj/Fire      0%         6-21      80%         3
 Ignite Poison            Fire/Tmut/Pois 0%         N/A       80%         3
 Sticky Flame             Conj/Fire      0%         2d3       99%         4


Dungeon Overview and Level Annotations

Branches:
Dungeon (3/15)

Altars:
Ashenzari

Annotations:
D:3 1 transporter


Innate Abilities, Weirdness & Mutations

You are too large for most types of armour.
You have claws for hands.
Your natural rate of healing is unusually fast.
You are covered in fur. (AC +1)
You have tough skin. (AC +1)


Message History

The shadow imp is lightly wounded.
The shadow imp laughs crazily.
The shadow imp gestures at you.
You barely resist.
The orc priest looks encouraged for a moment.
Throw: 124 stones
Press: ? - help, Q - select action, (/) - cycle Shift-Dir - straight line, f/p - shadow imp
Aim: a shadow imp (lightly wounded, 57% to hit)
You throw a stone.
The stone closely misses the shadow imp.
The orc priest mumbles some strange prayers to Beogh against you.
Beogh smites you! The shadow imp gestures at you.
Pain shoots through your body!
The shadow imp sputters.
You whack the plant!
The plant begins to die.
The plant is lightly damaged.
A shadow imp is nearby!
A nearby plant withers and dies.
There is an open door here.
There is an open door here.
The orc priest invokes the aid of Beogh against you.
Beogh smites you!
You enter the shallow water.
Moving in this stuff is going to be slow.
The shadow imp gestures at you. Pain shoots through your body!
The orc priest mumbles some strange prayers to Beogh against you.
Pain shoots through your body! The shadow imp gestures at you.
Pain shoots through your body!
* * * LOW HITPOINT WARNING * * *
The shadow imp gestures at you. Pain shoots through your body!
* * * LOW HITPOINT WARNING * * *
The shadow imp gestures at you.
You barely resist.
The orc priest invokes the aid of Beogh against you.
Pain shoots through your body!
You die...

#.#########.# ##.
#.#8P.©.P8#.# ####..
#.#P.....≈#.# #....#
#.####'####.# #.##..
#.#(≈...≈o#.# #.##.#
#.#(≈...≈o#.# ###.##.#
#.#5≈≈≈≈≈.#.# ##.[.....
#)#5≈P♣≈≈5#.# #........
#.#.≈≈@≈≈.#.# #.#......
#.#.≈...≈.#.# #.#......
#.#.≈...≈.#.###........
#.####+####.##.........
#.#P..[..P#.##..#......
#.#8P$©$P8#............
#.#########.#..........
#.....©........##......
#####...##...#.##......


You could see 2 orc priests and 3 shadow imps.

Vanquished Creatures
  A scorpion (D:3)
  Jessica (D:3)
  3 gnolls (D:3)
  A dart slug (D:2)
  5 bats
  5 endoplasms
  4 giant cockroaches
  3 goblins (D:2)
  6 hobgoblins
  4 kobolds
  2 quokkas
  4 ball pythons
  6 frilled lizards
  9 rats
54 creatures vanquished.

Vanquished Creatures (others)
  2 demonic plants (D:1)
  A plant (D:3)
3 creatures vanquished.

Grand Total: 57 creatures vanquished

Notes
Turn   | Place    | Note
-------+----------+-------------------------------------------
     0 | D:1      | hquester the Troll Hunter began the quest for the Orb.
     0 | D:1      | Reached XP level 1. HP: 19/19 MP: 0/0
   107 | D:1      | Reached skill level 4 in Throwing
   198 | D:1      | Reached XP level 2. HP: 21/27 MP: 1/1
   333 | D:1      | Found a faded altar of an unknown god.
   425 | D:1      | You fall into a shaft and drop 1 floor!
   753 | D:2      | Reached XP level 3. HP: 35/35 MP: 2/2
   953 | D:2      | Found a broken altar of Ashenzari.
  1346 | D:3      | Noticed Jessica
  1362 | D:3      | Reached skill level 1 in Short Blades
  1372 | D:3      | Reached XP level 4. HP: 40/42 MP: 3/3
  1387 | D:3      | Killed Jessica
  1417 | D:3      | Noticed a scorpion
  1445 | D:3      | Killed a scorpion
  1446 | D:3      | Reached XP level 5. HP: 34/49 MP: 4/4
  1468 | D:3      | Found a transporter.
  1511 | D:3      | Found a transporter.
  1835 | D:3      | Killed from afar by an orc priest

Illustrated notes

Levels and vault maps discovered:
D:1:      evilmike_arrival_hilbert_curve, layout_basic,
          dreamdust_ecumenical_altar_sealed_demon
D:2:      layout_basic, basic_altar
D:3:      gammafunk_wand_slinger, layout_rooms, uniq_jessica

Skill      XL: |  1  2  3  4 |
---------------+-------------+-----
Throwing       | 4 |  4.2
Dodging        | 2 3 |  3.0
Short Blades   | 1 |  1.9
Fighting       | 2 |  2.1
Stealth        | |  0.5

Action                   |  1- 3 |  4- 6 || total
-------------------------+-------+-------++-------
Melee: Short sword       |   163 |    45 ||   208
       Punch             |     2 |     2 ||     4
       Whip              |       |     3 ||     3
Throw: Stone             |    23 |     4 ||    27
  Use: Scroll            |     4 |     1 ||     5
Armor: Robe              |    52 |    23 ||    75
Dodge: Dodged            |    67 |    31 ||    98
